 Dungeon Crawl Stone Soup version 0.27-a0-1158-gaa87e14f67 (webtiles) character file.

Game seed: 8746936297753058496

116 wafflestompin the Sneak (level 4, -12/21 HPs)
             Began as a Spriggan Enchanter on May 16, 2021.
             Shot with an arrow by a centaur (13 damage)
             ... on level 5 of the Dungeon.
             The game lasted 00:17:37 (4749 turns).

wafflestompin the Sneak (Spriggan Enchanter)        Turns: 4749, Time: 00:17:38

Health: -12/21     AC:  2    Str:  4    XL:     4   Next: 70%
Magic:  3/9        EV: 17    Int: 17    God:
Gold:   113        SH:  0    Dex: 15    Spells: 5/8 levels left

rFire    . . .     SeeInvis +   b - +0 short sword
rCold    . . .     Faith    .   (shield restricted)
rNeg     . . .     Spirit   .   h - +0 robe
rPois    .         Reflect  .   (helmet restricted)
rElec    .         Harm     .   (no cloak)
rCorr    .         Rampage  .   (gloves unavailable)
Will     .....                  (boots unavailable)
Stlth    +++.......             (no amulet)
HPRegen  0.07/turn              (no ring)
MPRegen  0.11/turn              (no ring)

@: very quick
A: very small, no large weapons, unfitting armour, see invisible, speed 3
a: no special abilities


You were on level 5 of the Dungeon.
You visited 1 branch of the dungeon, and saw 5 of its levels.

You collected 113 gold pieces.

Inventory:

Hand Weapons
 a - a +1 dagger
 b - a +0 short sword (weapon)
Missiles
 c - 20 bolts
 g - 11 poisoned darts
 i - a throwing net
Armour
 h - a +0 robe (worn)
Jewellery
 m - a ring of fire
 n - a ring of magical power
Wands
 f - a wand of flame (12)
Scrolls
 e - a scroll of enchant armour {unknown}
 l - a scroll of teleportation {unknown}
 o - a scroll of identify {unknown}
Potions
 d - 2 potions of heal wounds {unknown}
 j - a potion of mutation {unknown}
 k - a potion of degeneration {unknown}


   Skills:
 + Level 1.1 Short Blades
 + Level 2.8 Dodging
 * Level 6.9 Stealth
 - Level 2.7 Spellcasting
 * Level 4.8 Hexes
 + Level 0.8 Ice Magic


You had 5 spell levels left.
You knew the following spells:

 Your Spells              Type           Power      Damage    Failure   Level
a - Corona                Hex            20%        N/A       2%          1
b - Ensorcelled Hibernat  Hex/Ice        24%        N/A       9%          2

Your spell library contained the following spells:

 Spells                   Type           Power      Damage    Failure   Level
 Confusing Touch          Hex            18%        N/A       8%          3
 Tukima's Dance           Hex            18%        N/A       8%          3
 Beastly Appendage        Tmut           4%         N/A       19%         1
 Summon Small Mammal      Summ           8%         N/A       19%         1
 Dazzling Flash           Conj/Hex       20%        N/A       21%         3
 Summon Guardian Golem    Hex/Summ       10%        N/A       21%         3
 Call Imp                 Summ           2%         N/A       26%         2
 Wereblood                Tmut           2%         N/A       26%         2
 Call Canine Familiar     Summ           2%         N/A       47%         3
 Spider Form              Tmut/Pois      1%         N/A       47%         3
 Ice Form                 Ice/Tmut       3%         N/A       83%         4
 Summon Ice Beast         Ice/Summ       3%         N/A       83%         4
 Summon Lightning Spire   Summ/Air       2%         N/A       87%         4
 Hydra Form               Tmut           1%         N/A       99%         5


Dungeon Overview and Level Annotations

Branches:
Dungeon (5/15)
 Temple: D:4-7

Altars:
Ru
Yredelemnul

Portals:
Ossuary: D:5

Annotations:
D:3 Robin


Innate Abilities, Weirdness & Mutations

You are very small and have problems with some larger weapons.
You are too small for most types of armour.
You have supernaturally acute eyesight. (SInv)
You cover ground extremely quickly. (Speed+++)


Message History

There is an open door here.
The black bear misses you. x3
You hear the hiss of an avalanche of sand.
You open the door.
A mummy comes into view.
Found a sand-covered staircase.
The gnoll shouts!
Found a scroll labelled KEATICSIDI.
Found a dagger.
Casting: Ensorcelled Hibernation (safe; 9% risk of failure)
Confirm with . or Enter, or press ? or * to list all spells.
Okay, then.
Casting: Ensorcelled Hibernation (safe; 9% risk of failure)
Confirm with . or Enter, or press ? or * to list all spells.
Okay, then.
The hound barely misses you. The hound bites you.
Aiming: Ensorcelled Hibernation (safe; 9% risk of failure)
Press: ? - help, Q - select action, (/) - cycle Shift-Dir - straight line, f - hound
Aim: a hound (chance to affect: 51%)
The hound resists with some effort.
The hound misses you. The hound misses you.
Found 12 gold pieces.
Found 5 gold pieces.
A centaur and a skeleton come into view.
Found a fuming brown potion.
Found a stone staircase leading down.
The centaur shouts!
The centaur wields a +0 shortbow.
The centaur shoots an arrow.
The arrow barely misses you.
The centaur shoots an arrow.
The arrow hits you!
* * * LOW HITPOINT WARNING * * *
Aiming: Ensorcelled Hibernation (safe; 9% risk of failure)
Press: ? - help, Q - select action, (/) - cycle Shift-Dir - straight line, f/p - hound
Aim: a hound (chance to affect: 51%)
The hound resists with some effort.
The hound closely misses you.
The centaur shoots an arrow.
The arrow hits you!
Ouch! That really hurt!
You die...

#.......# ####.#########
#....$..###### #.# ####.#
#............# #.####.....
#.....$......# #........#.
#..........!>#######....###
#########..............## #
#..hZ.c..#####..###+#
#..............#.....
#...@!....##..###....
#........##..##.##...
#......"$...###'###.#
#.....(..............
#........#...........
#########............
####..#.....#.###
#.........#.#.###
.........##...[..


You could see a centaur, a hound and a water moccasin skeleton.

Vanquished Creatures
  A gnoll (D:5)
  4 adders (D:2)
  2 worms (D:2)
  4 dart slugs
  5 ball pythons
  5 endoplasms
  9 goblins
  5 hobgoblins
  A jackal (D:4)
  2 quokkas
  5 bats
  A frilled lizard (D:1)
  9 kobolds
  4 rats
57 creatures vanquished.

Notes
Turn   | Place    | Note
-------+----------+-------------------------------------------
     0 | D:1      | wafflestompin the Spriggan Enchanter began the quest for
                  | the Orb.
     0 | D:1      | Reached XP level 1. HP: 9/9 MP: 5/5
   444 | D:1      | Reached skill level 5 in Stealth
   444 | D:1      | Reached XP level 2. HP: 12/13 MP: 6/6
   594 | D:1      | Learned a level 2 spell: Ensorcelled Hibernation
  1214 | D:2      | Found a sacrificial altar of Ru.
  1274 | D:2      | Reached XP level 3. HP: 16/16 MP: 4/8
  2530 | D:2      | Reached skill level 6 in Stealth
  2727 | D:2      | Reached XP level 4. HP: 21/21 MP: 6/9
  3831 | D:3      | Noticed Robin
  4069 | D:4      | Found a basalt altar of Yredelemnul.
  4349 | D:5      | Entered Level 5 of the Dungeon
  4671 | D:5      | Noticed a black bear
  4701 | D:5      | Found a sand-covered staircase.
  4741 | D:5      | Noticed a centaur
  4746 | D:5      | HP: 1/21 [centaur/arrow (9)]
  4749 | D:5      | Shot with an arrow by a centaur

Illustrated notes

Levels and vault maps discovered:
D:1:      minmay_arrival_nine_rooms, layout_basic, roderic_lattice_a,
          minmay_ruptured
D:2:      layout_basic, basic_altar, minmay_pentomino_o2
D:3:      layout_basic, uniq_robin
D:4:      layout_basic, yredelemnul_altar_generic
D:5:      layout_rooms, good_gods_temple_1, nicolae_ossuary_entry_giza,
          sigmund_edmund_badplayer

Skill      XL: |  1  2  3 |
---------------+----------+-----
Stealth        | 5 6 |  6.9
Hexes          | 4 |  4.8
Short Blades   | |  1.1
Dodging        | |  2.8
Spellcasting   | |  2.7
Ice Magic      | |  0.8

Action                   |  1- 3 |  4- 6 || total
-------------------------+-------+-------++-------
Melee: Dagger            |   100 |    43 ||   143
       Short sword       |       |     2 ||     2
 Cast: Ensorcelled Hiber |    27 |    27 ||    54
 Stab: Sleeping          |    17 |    16 ||    33
Armor: Robe              |    12 |     2 ||    14
Dodge: Dodged            |    89 |    40 ||   129

Table legend: (Time is in decaauts)
 A = Elapsed time spent in this place.
 B = Non-inter-level travel time spent in this place.
 C = Inter-level travel time spent in this place.
 D = Time resting spent in this place.
 E = Time spent auto-exploring this place.
 F = Levels seen in this place.
 G = Mean time per level.
                   A        B        C        D        E       F      G
               +--------+--------+--------+--------+--------+-----+--------+
         Total |   3769 |   3732 |     37 |   1142 |   1796 |   5 |  753.8 |
       Dungeon |   3769 |   3732 |     37 |   1142 |   1796 |   5 |  753.8 |
               +--------+--------+--------+--------+--------+-----+--------+

Top non-repeatable levels by time:
     D:1: 1328 daAuts
     D:2: 1066 daAuts
     D:3: 667 daAuts
     D:4: 370 daAuts
     D:5: 336 daAuts
